 Dungeon Crawl Stone Soup version 0.31-a0-344-gd109795599 (webtiles) character file.

Game seed: 7981946346216258756

2223 garrulousMonolith the Mimic (level 9, -5/57 HPs)
             Began as an Octopode Shapeshifter on July 21, 2023.
             Was a Follower of Wu Jian.
             Slain by an orc warlord
             ... wielding a +5 broad axe
              (14 damage)
             ... in a bailey.
             The game lasted 00:06:56 (5269 turns).

garrulousMonolith the Mimic (Octopode Shapeshifter) Turns: 5269, Time: 00:06:57

Health: -5/57      AC:  1    Str: 20    XL:     9   Next: 35%
Magic:  9/9        EV: 14    Int: 11    God:    Wu Jian [*.....]
Gold:   375        SH:  6    Dex: 16    Spells: 8/8 levels left

rFire   . .          .
                       - Unarmed
rCold   . . .        d - +1 buckler
rNeg    . . .        (helmet currently unavailable)
rPois   +            z - amulet of the Mordant God {rPois Regen+}
rElec   .            k - ring of poison resistance
rCorr   .            p - +6 ring of strength
SInv    .            s - +4 ring of slaying
Will    .....        (no ring)
Stlth   ++++         (no ring)
HPRegen 1.09/turn    (no ring)
MPRegen 0.11/turn    (no ring)
                     (no ring)

%: no passive effects
@: about to teleport, beast-form
A: beast (slay +7), almost no armour, amphibious, 8 rings, camouflage 1,
gelatinous body 1, (nimble swimmer 1), tentacles
a: Begin Untransformation, Renounce Religion


You were in a bailey.
You worshipped Wu Jian.
Wu Jian was aware of your devotion.
You were a hulking beast.
You visited 1 branch of the dungeon, and saw 7 of its levels.
You also visited: Bailey.

You collected 375 gold pieces.

Inventory:

Hand Weapons
 c - a +1 dagger of protection
 B - a +1 dagger of venom
Missiles
 j - 3 silver javelins
 r - 5 javelins
 y - a poisoned dart (quivered)
Armour
 d - a +1 buckler (worn)
Jewellery
 k - a ring of poison resistance (left tentacle)
 p - a +6 ring of strength (right tentacle)
 s - a +4 ring of slaying (on tentacle)
 z - the amulet of the Mordant God (around mantle) {rPois Regen+}
   (You found it on level 6 of the Dungeon)

   [amulet of regeneration]

   rPois:     It protects you from poison.
   Regen:     It increases your rate of health regeneration.
Talismans
 b - a beast talisman
Wands
 A - a wand of roots (9)
Scrolls
 f - a scroll of enchant armour
 l - 3 scrolls of teleportation
 v - a scroll of immolation
Potions
 a - a potion of lignification
 e - 4 potions of curing {unknown}
 h - 2 potions of mutation
 m - a potion of invisibility {unknown}
 q - a potion of enlightenment {unknown}
 u - 2 potions of brilliance {unknown}
 w - a potion of ambrosia {unknown}
 x - a potion of might {unknown}


   Skills:
 + Level 3.2 Fighting
 + Level 3.7 Dodging
 + Level 3.9 Stealth
 + Level 2.7 Shields
 * Level 5.4 Unarmed Combat
 * Level 11.3 Shapeshifting


You had 8 spell levels left.
You didn't know any spells.
Your spell library contained the following spells:

 Spells                   Type           Power      Damage    Failure   Level
 Sandblast                Erth           0%         2d4       41%         1
 Passwall                 Tmut/Erth      0%         N/A       54%         2
 Stone Arrow              Conj/Erth      0%         3d7       78%         3


Dungeon Overview and Level Annotations

Branches:
Dungeon (7/15)             Bailey (1/1)
 Temple: D:4-7

Altars:
Elyvilon
Ru
Wu Jian

Shops:
D:7 =

Annotations:
D:4 1 runed translucent door, LeprechaunX's ghost, novice OpSh


Innate Abilities, Weirdness & Mutations

You are a hulking beast.
Your limbs bulge with bestial killing power. (Slay +7)
You cannot wear most types of armour.
You are amphibious.
You can wear up to eight rings at the same time.
Your skin changes colour to match your surroundings (Stealth+).
Your rubbery body absorbs attacks. (AC +1, EV +1)
((You are camouflaged when in or above water. (Stealth+)))
You have tentacles for arms and can constrict up to eight enemies at once.


Message History

The orc warlord escapes!
Aiming: Fastroot
Press: ? - help, Shift-Dir - straight line, f - orc warlord
Aim: an orc warlord, wielding a +5 broad axe and wearing a +0 plate armour (lightly wounded)
The roots erupt in riotous growth!
Roots grab the orc warlord.
The grasping roots constrict the orc warlord, but do no damage.
You hear a shout!
The orc warlord struggles to escape constriction.
Okay, then.
Throw: 2 darts (poison)
Press: ? - help, Q - select action, (/) - cycle Shift-Dir - straight line, f/p - orc warlord
Aim: an orc warlord, wielding a +5 broad axe and wearing a +0 plate armour (lightly wounded, constricted by roots, 94% to hit)
You throw a poisoned dart. The poisoned dart hits the orc warlord.
The orc warlord is poisoned.
The orc warlord is lightly wounded.
The grasping roots constrict the orc warlord.
The roots release their grip on the orc warlord.
Aiming: Fastroot
Press: ? - help, Shift-Dir - straight line, f/p - orc warlord
Aim: an orc warlord, wielding a +5 broad axe and wearing a +0 plate armour (lightly wounded, poisoned)
The roots erupt in riotous growth!
Roots grab the orc warlord.
The grasping roots constrict the orc warlord, but do no damage.
You hear a shout!
The orc warlord hits you with a +5 broad axe!!
Okay, then.
You bludgeon the orc warlord! You squeeze the orc warlord!
The orc warlord is moderately wounded.
The grasping roots constrict the orc warlord.
The roots release their grip on the orc warlord.
The orc warlord hits you with a +5 broad axe!
* * * LOW HITPOINT WARNING * * *
As you read the scroll of teleportation, it crumbles to dust.
You feel strangely unstable.
The orc warlord hits you with a +5 broad axe.
* * * LOW HITPOINT WARNING * * *
The orc warlord attacks as you move away!
The orc warlord hits you with a +5 broad axe!
You die...

♣♣......##.........## #
♣.......#...........#
.##
♣.......'...........#
..#
♣..∩.∩..'.....⌠.....#
..'
♣.......'......)))..# #
........#...........# #
♣♣......##.........###
##
♣.....♣.♣###....)###.###
###. ♣♣....♣♣♣
###.#h#.)...### ###...
♣♣♣♣♣♣
###.o.).....###.....
#...()......#..g...
#...))......#......
#.....⌠g....#.)...⌠
#..........))..))..
#...........#......
##.........###.....
###.....### ###...


You could see an orc warlord (poisoned) and a hobgoblin.

Vanquished Creatures
  Edmund (D:6)
  A sky beast (D:7)
  2 ice beasts (D:5)
  7 orc warriors (Bailey)
  2 kobold brigands (D:6)
  A scorpion (D:5)
  3 wights (D:7)
  A howler monkey (D:6)
  2 hounds
  2 jellies
  2 orc priests (D:6)
  Crazy Yiuf (D:3)
  A gnoll bouda (D:6)
  A sleepcap (D:6)
  3 iguanas
  3 orc wizards
  14 gnolls
  3 adders
  20 orcs
  2 endoplasms
  12 goblins
  11 hobgoblins
  6 quokkas
  3 ball pythons (D:1)
  3 bats
  4 frilled lizards (D:1)
  7 kobolds
  6 rats
124 creatures vanquished.

Notes
Turn   | Place    | Note
-------+----------+-------------------------------------------
     0 | D:1      | garrulousMonolith the Octopode Shapeshifter began the quest
                  | for the Orb.
     0 | D:1      | Reached XP level 1. HP: 13/13 MP: 1/1
    55 | D:1      | Found a faded altar of an unknown god.
    89 | D:1      | Reached XP level 2. HP: 17/18 MP: 2/2
   615 | D:2      | Reached XP level 3. HP: 23/23 MP: 3/3
   755 | D:2      | Found a white marble altar of Elyvilon.
   758 | D:2      | Reached skill level 1 in Stealth
  1353 | D:3      | Found a runed translucent door.
  1354 | D:3      | Noticed Crazy Yiuf
  1862 | D:3      | Killed Crazy Yiuf
  1863 | D:3      | Reached XP level 4. HP: 23/29 MP: 4/4
  1956 | D:4      | Found a runed translucent door.
  1956 | D:4      | Noticed LeprechaunX's ghost (novice OpSh)
  1975 | D:4      | Reached skill level 1 in Shields
  2030 | D:4      | You fall into a shaft and drop 1 floor!
  2030 | D:5      | Entered Level 5 of the Dungeon
  2041 | D:5      | Noticed an ice beast
  2327 | D:4      | Reached XP level 5. HP: 34/34 MP: 5/5
  2479 | D:4      | Reached skill level 10 in Shapeshifting
  2479 | D:4      | Reached XP level 6. HP: 39/39 MP: 6/6
  2524 | D:5      | Killed an ice beast
  2828 | D:5      | Reached XP level 7. HP: 20/45 MP: 7/7
  3516 | D:6      | Noticed Edmund
  3827 | D:6      | Reached skill level 11 in Shapeshifting
  3873 | D:6      | Reached XP level 8. HP: 51/51 MP: 8/8
  4093 | D:6      | Found a sacrificial altar of Ru.
  4246 | D:6      | Identified the amulet of the Mordant God {rPois Regen+}
  4412 | D:6      | Killed Edmund
  4783 | D:7      | Found an ornate altar of the Wu Jian Council.
  4790 | D:7      | Became a worshipper of the Wu Jian Council
  4901 | D:7      | Reached skill level 5 in Unarmed Combat
  4905 | D:7      | Found Zunasop's Jewellery Shoppe.
  4948 | D:7      | Found a flagged portal.
  4962 | Bailey   | Entered a bailey
  5007 | Bailey   | Reached * piety under Wu Jian
  5166 | Bailey   | Reached XP level 9. HP: 40/56 MP: 9/9
  5218 | Bailey   | Noticed an orc warlord
  5269 | Bailey   | Slain by an orc warlord

Illustrated notes

Levels and vault maps discovered:
D:1:      elethiomel_arrival_shortcut, layout_basic,
          chequers_ecumenical_altar_simple_redux, minivault_24,
          nicolae_concentric_dashed_squares_mild, feat_on_display
D:2:      layout_rooms, basic_altar, dk_noncrumbling_4, minivault_27,
          st_stairs_8
D:3:      layout_basic, uniq_crazy_yiuf_cottage
D:4:      layout_gridville, gammafunk_ghost_grave, due_unseen_surprise
D:5:      layout_loops_ring
D:6:      cheibrodos_thug_alley, layout_loops_corners, kennysheep_mini,
          uniq_edmund
D:7:      layout_loops_cross, nzn_wu_jian_contemplation,
          minmay_temple_entry_enclosed_plants, enter_bailey_2, serial_shops,
          shop
Bailey:   bailey_axe_minmay_hex_keep, bailey

Skill      XL: |  1  2  3  4  5  6  7  8 |
---------------+-------------------------+-----
Stealth        | 1 2 3 |  3.9
Shields        | 1 2 |  2.7
Shapeshifting  | 10 11 | 11.3
Fighting       | 2 3 |  3.2
Unarmed Combat | 4 5 |  5.4
Dodging        | 3 |  3.7

Action                     |  1- 3 |  4- 6 |  7- 9 || total
---------------------------+-------+-------+-------++-------
  Melee: Unarmed           |    58 |    25 |   131 ||   214
         Constrict         |    11 |     3 |    34 ||    48
         Tentacles         |     9 |     5 |    27 ||    41
         Punch             |     2 |     1 |     7 ||    10
  Throw: Dart              |       |       |     1 ||     1
Ability: Lunge             |       |       |    10 ||    10
  Evoke: Wand              |       |       |     6 ||     6
    Use: Scroll            |     1 |     2 |    11 ||    14
         Potion            |       |     2 |     1 ||     3
   Stab: Sleeping          |    11 |     5 |     4 ||    20
 Armour: Skin              |       |     1 |     2 ||     3
  Dodge: Dodged            |    31 |     7 |    43 ||    81
  Block: Buckler           |     4 |     5 |    30 ||    39

Table legend: (Time is in decaauts)
 A = Elapsed time spent in this place.
 B = Non-inter-level travel time spent in this place.
 C = Inter-level travel time spent in this place.
 D = Time resting spent in this place.
 E = Time spent auto-exploring this place.
 F = Levels seen in this place.
 G = Mean time per level.
                   A        B        C        D        E       F      G
               +--------+--------+--------+--------+--------+-----+--------+
         Total |   5255 |   5020 |    235 |    631 |   3508 |   8 |  656.9 |
       Dungeon |   4952 |   4717 |    235 |    479 |   3464 |   7 |  707.4 |
        Bailey |    303 |    303 |      0 |    152 |     44 |   1 |  303.0 |
               +--------+--------+--------+--------+--------+-----+--------+

Top non-repeatable levels by time:
     D:6: 1127 daAuts
     D:5: 1090 daAuts
     D:3: 805 daAuts
     D:1: 615 daAuts
     D:4: 578 daAuts
     D:2: 492 daAuts
  Bailey: 303 daAuts
     D:7: 242 daAuts
